 Dungeon Crawl Stone Soup version 0.22.1-1-ga44c0e5 (webtiles) character file.

1563 Stepladder the Nimble (level 8, 0/64 HPs)
             Began as a Merfolk Gladiator on Sept 24, 2018.
             Slain by a water moccasin (2 damage)
             ... on level 8 of the Dungeon.
             The game lasted 00:23:00 (5962 turns).

Stepladder the Nimble (Merfolk Gladiator)           Turns: 5962, Time: 00:23:03

Health: 0/64       AC:  7    Str: 16    XL:     8   Next: 89%
Magic:  8/8        EV: 16    Int:  7    God:
Gold:   223        SH:  0    Dex: 16    Spells: 7/7 levels left

rFire    x . .     SeeInvis .   a - +0 long sword
rCold    + . .     Gourm    .   (no shield)
rNeg     . . .     Faith    .   w - +0 ring mail {rPois}
rPois    +         Spirit   .   c - +0 helmet
rElec    .         Reflect  .   (no cloak)
rCorr    .         Harm     .   (no gloves)
MR       .....                  p - +0 pair of boots
Stlth    +++.......             (no amulet)
HPRegen  0.20/turn              h - ring of ice
MPRegen  0.11/turn              (no ring)

@: about to teleport
A: change form in water, swift swim, stealthy swim
a: no special abilities


You were on level 8 of the Dungeon.
You were very hungry.

You visited 1 branch of the dungeon, and saw 7 of its levels.

You collected 223 gold pieces.

Inventory:

Hand Weapons
 a - a +0 long sword (weapon)
 i - a +0 hunting sling
 u - a +0 blowgun
Missiles
 d - 3 throwing nets
 k - 263 stones (quivered)
 m - 29 poisoned needles
 v - 3 curare-tipped needles
Armour
 c - a +0 helmet (worn)
 p - a +0 pair of boots (worn)
 w - a +0 ring mail of poison resistance (worn)
Jewellery
 h - a ring of ice (left hand)
Wands
 B - a wand of acid (5)
Scrolls
 j - 3 scrolls of remove curse
 l - 6 scrolls of identify
 n - a scroll of immolation {unknown}
 o - a scroll of teleportation
 q - a scroll of magic mapping {unknown}
 r - 2 scrolls of fog {unknown}
 t - 2 scrolls of enchant weapon {unknown}
 y - a scroll of amnesia {unknown}
 A - a scroll of blinking {unknown}
Potions
 b - a potion of agility {unknown}
 e - a potion of heal wounds {unknown}
 g - 3 potions of curing
 s - a potion of brilliance {unknown}
 x - a potion of cancellation
Comestibles
 f - 8 rations


   Skills:
 + Level 6.3 Fighting
 + Level 6.8 Long Blades
 - Level 2.0 Throwing
 + Level 8.1 Dodging
 + Level 6.1 Stealth


You had 7 spell levels left.
You didn't know any spells.
Your spell library was empty.

Dungeon Overview and Level Annotations

Branches:
Dungeon (8/15)
 Temple: D:4-7         Lair: D:8-11

Altars:
Trog
The Shining One

Annotations:
D:8 Erica, Harold


Message History

A wraith comes into view.
The water moccasin misses you.
The orc priest hits you but does no damage.
The water moccasin misses you.
You riposte.
You barely miss the water moccasin.
An orc comes into view. It is wielding a dagger.
The water moccasin closely misses you.
The sentinel's mark upon you fades away.
A hippogriff comes into view.
An orc comes into view. It is wielding a dagger.
As you read the scroll of teleportation, it crumbles to dust.
You feel strangely unstable. The water moccasin bites you.
* * * LOW HITPOINT WARNING * * *
You slash the orc!
You kill the orc!
The water moccasin bites you!
* * * LOW HITPOINT WARNING * * *
A warg comes into view.
An orc wizard comes into view. It is wielding a dagger.
The water moccasin bites you.
You die...

####### #.....##
####...o.# #.......
#....###)###%....# ###
#o##.# #.W.......# ..#
#.#..###oo.......##
#.#####.#......#a#..Hh...
#).....(.((..###.....#.#
#(#########.o#####.###
@.# ..!.o.)@Sa# ###
#(#>.####### # .. ... .
(.## #. ... .# .(( #


You could see a hippogriff, a warg (wandering), a water moccasin, a worker ant,
an orc wizard and an orc.

Vanquished Creatures
  A sky beast (D:3)
  2 phantoms
  2 eyes of draining (D:5)
  2 ice beasts
  A necrophage (D:4)
  2 centaurs
  4 ogres
  2 centaur skeletons
  8 worker ants
  3 adders
  An ooze (D:2)
  2 worms
  2 dart slugs
  3 leopard geckos
  12 orcs
  4 bats
  2 giant cockroaches
  3 goblins
  3 hobgoblins
  2 jackals (D:1)
  A quokka (D:3)
  7 frilled lizards
  9 kobolds
  A leopard gecko skeleton (D:4)
  2 quokka zombies (D:1)
  3 rats
84 creatures vanquished.

Notes
Turn   | Place    | Note
-------+----------+-------------------------------------------
     0 | D:1      | Stepladder the Merfolk Gladiator began the quest for the
                  | Orb.
     0 | D:1      | Reached XP level 1. HP: 16/16 MP: 1/1
   253 | D:1      | Reached XP level 2. HP: 22/22 MP: 2/2
   679 | D:1      | Reached skill level 1 in Stealth
  1049 | D:2      | Reached XP level 3. HP: 28/28 MP: 3/3
  1724 | D:3      | Noticed a sky beast
  1876 | D:3      | Reached XP level 4. HP: 32/35 MP: 4/4
  2016 | D:3      | Found a glowing golden altar of the Shining One.
  2729 | D:3      | Killed a sky beast
  2729 | D:3      | Reached skill level 5 in Dodging
  2729 | D:3      | Reached XP level 5. HP: 13/41 MP: 5/5
  3135 | D:4      | Noticed a phantom
  3176 | D:4      | Killed a phantom
  3176 | D:4      | Reached XP level 6. HP: 45/48 MP: 6/6
  3238 | D:4      | Noticed a necrophage
  3445 | D:4      | Killed a necrophage
  3445 | D:4      | Reached skill level 5 in Long Blades
  3445 | D:4      | Reached skill level 6 in Dodging
  3445 | D:4      | Reached XP level 7. HP: 47/55 MP: 7/7
  4237 | D:4      | Reached skill level 5 in Fighting
  4410 | D:5      | Entered Level 5 of the Dungeon
  4451 | D:4      | Reached XP level 8. HP: 56/62 MP: 8/8
  4521 | D:5      | Reached skill level 7 in Dodging
  4908 | D:5      | Reached skill level 5 in Stealth
  5432 | D:5      | Found a bloodstained altar of Trog.
  5836 | D:5      | You fall through a shaft for 3 floors!
  5880 | D:8      | Reached skill level 8 in Dodging
  5885 | D:8      | Noticed Erica
  5892 | D:8      | Noticed Harold
  5955 | D:8      | Noticed a wraith
  5960 | D:8      | Noticed a hippogriff
  5962 | D:8      | HP: 2/64 [water moccasin (7)]
  5962 | D:8      | Slain by a water moccasin

Skill      XL: |  1  2  3  4  5  6  7  8 |
---------------+-------------------------+-----
Stealth        | 1 2 3 4 6 |  6.1
Long Blades    | 4 5 6 |  6.8
Fighting       | 3 4 5 6 |  6.3
Dodging        | 5 6 8 |  8.1
Throwing       | |  2.0

Action                   |  1- 3 |  4- 6 |  7- 9 || total
-------------------------+-------+-------+-------++-------
Melee: Long sword        |    91 |    44 |   144 ||   279
       Dagger            |       |     9 |       ||     9
       Blowgun           |       |       |     1 ||     1
 Fire: Hunting sling     |     6 |    33 |    63 ||   102
       Blowgun           |       |    37 |    39 ||    76
Throw: Stone             |       |       |    10 ||    10
  Use: Scroll            |       |       |     8 ||     8
 Stab: Sleeping          |     2 |       |     2 ||     4
       Distracted        |       |     1 |       ||     1
  Eat: Chunk             |     2 |     3 |     3 ||     8
       Ration            |       |     1 |     1 ||     2
Armor: Leather armour    |    17 |    18 |     4 ||    39
       Ring mail         |       |       |    44 ||    44
Dodge: Dodged            |    70 |    53 |   137 ||   260
       Rpst.: Long sword |    23 |    13 |    34 ||    70
